 Dungeon Crawl Stone Soup version 0.28-a0-1234-g826d19b2e0 (webtiles) character file.

Game seed: 8996970354570696044

6 Zonian the Magician (level 2, -1/21 HPs)
             Began as a Djinni Fire Elementalist on Dec 24, 2021.
             Slain by a quokka (2 damage)
             ... on level 1 of the Dungeon.
             The game lasted 00:00:53 (408 turns).

Zonian the Magician (Djinni Fire Elementalist)       Turns: 408, Time: 00:00:54

Health: -1/21      AC:  2    Str:  7    XL:     2   Next: 0%
Gold:   18         EV: 12    Int: 16    God:
                   SH:  0    Dex: 13

rFire   + + .      SeeInvis .   f - +0 whip
rCold   x . .      Faith    .   (no shield)
rNeg    . . .      Spirit   .   a - +0 robe
rPois   ∞          Reflect  .   (no helmet)
rElec   .          Harm     .   (no cloak)
rCorr   .          Rampage  .   (no gloves)
Will    .....                   (boots unavailable)
Stlth   ++........              (no amulet)
HPRegen 0.07/turn               (no ring)
MPRegen 0.00/turn               (no ring)

@: flying
A: sickness immunity, fire resistance 2, cold vulnerability 1, float, innate
caster, hp casting, extra vitality 1
a: no special abilities


You were on level 1 of the Dungeon.
You visited 1 branch of the dungeon, and saw 1 of its levels.

You collected 18 gold pieces.

Inventory:

Hand Weapons
 f - a +0 whip (weapon)
Armour
 a - a +0 robe (worn)
Jewellery
 g - a ring of wizardry
Scrolls
 c - a scroll of holy word {unknown}
 h - a scroll of amnesia {unknown}
Potions
 b - a potion of berserk rage {unknown}
 d - a potion of haste {unknown}
 e - 2 potions of curing {unknown}


   Skills:
 + Level 2.4 Dodging
 + Level 1.8 Stealth
 + Level 2.5 Spellcasting


You couldn't memorise any spells.
You knew the following spells:

 Your Spells              Type           Power      Damage    Failure   Level
a - Foxfire               Conj/Fire      40%        2x1d6     7%          1
b - Scorch                Fire           20%        2d6       11%         2
c - Conjure Flame         Conj/Fire      10%        6-21      21%         3
d - Inner Flame           Hex/Fire       10%        N/A       21%         3
e - Flame Wave            Conj/Fire      10%        2d5       56%         4
Your spell library was empty.

Dungeon Overview and Level Annotations

Branches:
Dungeon (1/15)

Altars:


Innate Abilities, Weirdness & Mutations

You are immune to sickness and miasma.
You are immune to poison.
Your flesh is very heat resistant. (rF++)
You are vulnerable to cold. (rC-)
You float through the air rather than walking.
You learn spells naturally, not from books.
Your magical power is your life essence.
You have superior vitality. (+4 MHP)


Message History

Unknown command.
e - 2 sapphire potions (gained 1)
An endoplasm comes into view.
The endoplasm quivers.
An endoplasm is nearby!
Unknown command.
A quokka comes into view.
You miscast Foxfire.
You are very lightly contaminated with residual magic.
Nothing appears to happen.
You conjure some foxfire!
The endoplasm freezes you.
You are frozen!
You feel a terrible chill!
Unknown command.
You hit the endoplasm.
The endoplasm is heavily wounded.
The foxfire hits the endoplasm.
The endoplasm is almost dead.
The foxfire hits the endoplasm.
You kill the endoplasm!
The quokka bites you.
You have reached level 2!
You hit the quokka.
The quokka is heavily wounded.
The quokka bites you.
* * * LOW HITPOINT WARNING * * *
Unknown command.
You are too injured to fight recklessly!
Unknown command.
You closely miss the quokka.
The quokka is heavily wounded.
The quokka closely misses you.
Unknown command.
The quokka bites you.
* * * LOW HITPOINT WARNING * * *
Your magical contamination has completely faded away.
You barely miss the quokka.
The quokka is heavily wounded.
The quokka bites you.
You die...

##############.#
...............#####
...................# #..
................#.####
#...
#............##......
#...# #..........#.#...#
#.... ##......##.#....#
#.....##.#....#.##.....#
#.....#.#@#..#.#.#....##
#......#r##..##.#......##
#......##....##........#
#......#......#........#
#......#......#........##
#......##....##..........
#.....#.##..##.#.........
#....# # #..#.#.#......##
#.... ....#.##......##


You could see a quokka.

Vanquished Creatures
  An endoplasm (D:1)
  A hobgoblin (D:1)
  A kobold (D:1)
  2 bats (D:1)
  A frilled lizard (D:1)
6 creatures vanquished.

Vanquished Creatures (others)
  18 foxfires (D:1)
18 creatures vanquished.

Grand Total: 24 creatures vanquished

Notes
Turn   | Place    | Note
-------+----------+-------------------------------------------
     0 | D:1      | Zonian the Djinni Fire Elementalist began the quest for the
                  | Orb.
     0 | D:1      | Reached XP level 1. HP: 15/15 MP: 0/0
   404 | D:1      | Reached XP level 2. HP: 7/21 MP: 0/0
   406 | D:1      | HP: 1/21 [quokka (3)]
   408 | D:1      | Slain by a quokka

Illustrated notes

Levels and vault maps discovered:
D:1:      matt_arrival_diagonals, layout_rooms,
          ebering_ecumenical_altar_abandoned, serial_shops,
          nicolae_shop_waterfront, nicolae_shop_hallway_plus,
          chequers_serial_rivers_small_3, minmay_misc_feat_secret_circle,
          minmay_tromino_mix6

Action                   || total
-------------------------++-------
Melee: Unarmed           ||     2
       Whip              ||     4
 Cast: Foxfire           ||    10
Armor: Robe              ||     1
Dodge: Dodged            ||     2

Table legend: (Time is in decaauts)
 A = Elapsed time spent in this place.
 B = Non-inter-level travel time spent in this place.
 C = Inter-level travel time spent in this place.
 D = Time resting spent in this place.
 E = Time spent auto-exploring this place.
 F = Levels seen in this place.
 G = Mean time per level.
                   A        B        C        D        E       F      G
               +--------+--------+--------+--------+--------+-----+--------+
         Total |    407 |    407 |      0 |      0 |    341 |   1 |  407.0 |
       Dungeon |    407 |    407 |      0 |      0 |    341 |   1 |  407.0 |
               +--------+--------+--------+--------+--------+-----+--------+

Top non-repeatable levels by time:
     D:1: 407 daAuts
